 Dungeon Crawl Stone Soup version 0.19-a0-1922-g1e9a4c1 (webtiles) character file.

154 Firebatgyro the Slasher (level 5, -5/35 HPs)
             Began as a High Elf Skald on Oct 24, 2016.
             Killed from afar by an orc wizard (7 damage)
             ... with a puff of frost
             ... on level 3 of the Dungeon.
             The game lasted 00:07:33 (2060 turns).

Firebatgyro the Slasher (High Elf Skald)            Turns: 2060, Time: 00:07:34

Health: -5/35      AC:  3    Str: 12    XL:     5   Next: 13%
Magic:  7/9        EV: 11    Int: 15    God:
Gold:   140        SH:  0    Dex: 15    Spells: 3 memorised, 2 levels left

rFire  . . .     SeeInvis .     a - +1 falchion
rCold  . . .     Gourm    .     b - +0 leather armour
rNeg   . . .     Faith    .     (no shield)
rPois  .         Spirit   .     (no helmet)
rElec  .         Reflect  .     (no cloak)
rCorr  .         Harm     .     (no gloves)
MR     .....                    (no boots)
Stlth  +.........               (no amulet)
                                (no ring)
                                (no ring)

@: no status effects
A: no striking features
a: no special abilities


You were on level 3 of the Dungeon.
You were hungry.

You visited 1 branch of the dungeon, and saw 3 of its levels.

You collected 140 gold pieces.

Inventory:

Hand Weapons
 a - a +1 falchion (weapon)
 i - a +1 dagger of draining
Armour
 b - a +0 leather armour (worn)
Scrolls
 g - a scroll of noise {unknown}
 h - a scroll of magic mapping {unknown}
 j - a scroll of amnesia
Potions
 e - a potion of agility
Books
 c - a book of Battle

   Spells                             Type                      Level
   a - Infusion                       Charms                       1
   b - Shroud of Golubria             Charms/Translocation         2
   c - Song of Slaying                Charms                       2
   d - Spectral Weapon                Hexes/Charms                 3
   e - Regeneration                   Charms/Necromancy            3
Comestibles
 d - a bread ration


   Skills:
 + Level 2.6 Fighting
 + Level 5.3 Long Blades
 - Level 0.8 Armour
 + Level 1.4 Dodging
 - Level 2.4 Spellcasting
 + Level 4.4 Charms


You had 2 spell levels left.
You knew the following spells:

 Your Spells              Type           Power        Failure   Level  Hunger
a - Infusion              Chrm           ###.         4%          1    #......
b - Song of Slaying       Chrm           ###.....     8%          2    ###....
c - Spectral Weapon       Hex/Chrm       #.......     38%         3    ###....


Dungeon Overview and Level Annotations

Branches:
Dungeon (3/15)

Altars:
Ashenzari
Cheibriados
Nemelex Xobeh
Vehumet
Yredelemnul


Message History

Something closely misses your spectral weapon.
Something hits your spectral weapon.
Your spectral weapon shares its damage with you!
* * * LOW HITPOINT WARNING * * *
Okay, then.
A puff of flame appears from out of thin air!
The puff of flame misses your spectral weapon.
The puff of flame misses you.
The bat hits your spectral weapon but does no damage.
Found a ring mail.
The bat hits you.
* * * LOW HITPOINT WARNING * * *
The bat hits you but does no damage.
You see here a long sword.
The bat barely misses you.
You riposte.
You hit the bat.
The bat is severely wounded.
You hear some strange, mumbled words.
A puff of frost appears from out of thin air!
The puff of frost hits you!
You die...

#.##..# #.#.##.# #.##..# ####
#.#.##.##### ......#.##...
#.#'##.....#
...#.##.##....##.....####.##
........##....)).....# #..#
.........#....###....#####.###
.......#.#... #..[......_..#
...#.###.#....###.....#..#.#.#
.........#.....)@......##....#
..##.#####......(......##.#.##
o.##.# #.......b........#.#
..##(#####................#.#
.o.......#[............####.#
.........#....#####+##......#
.........#.... # #.##.....#
....<....#.... #.##.## ###.#
#####<...##########.....#.#


You could see a bat and a friendly spectral falchion.

Vanquished Creatures
  An orc priest (D:3)
  4 gnolls (D:3)
  An adder (D:3)
  A worm (D:2)
  2 dart slugs (D:2)
  A leopard gecko (D:1)
  8 orcs (D:3)
  4 bats
  3 giant cockroaches (D:2)
  5 goblins (D:2)
  3 hobgoblins
  11 jackals
  2 quokkas
  6 frilled lizards
  5 kobolds
  5 rats
62 creatures vanquished.

Notes
Turn   | Place    | Note
-------+----------+-------------------------------------------
     0 | D:1      | Firebatgyro the High Elf Skald began the quest for the Orb.
     0 | D:1      | Reached XP level 1. HP: 14/14 MP: 4/4
   109 | D:1      | Reached skill level 3 in Long Blades
   190 | D:1      | Reached XP level 2. HP: 14/19 MP: 3/6
   290 | D:1      | Learned a level 2 spell: Song of Slaying
   593 | D:2      | Found a basalt altar of Yredelemnul.
   613 | D:2      | Reached skill level 4 in Long Blades
   829 | D:2      | Found a faded altar of an unknown god.
   829 | D:2      | Found a faded altar of an unknown god.
   830 | D:2      | Reached XP level 3. HP: 21/24 MP: 7/7
   835 | D:2      | Found a faded altar of an unknown god.
   837 | D:2      | Found a snail-covered altar of Cheibriados.
   839 | D:2      | Found a faded altar of an unknown god.
   952 | D:2      | Found a snail-covered altar of Cheibriados.
   963 | D:2      | Found a shattered altar of Ashenzari.
  1403 | D:3      | Reached skill level 5 in Long Blades
  1412 | D:3      | Reached XP level 4. HP: 10/29 MP: 6/8
  1526 | D:3      | Found a radiant altar of Vehumet.
  1623 | D:3      | HP: 1/30 [gnoll/club (5)]
  1984 | D:3      | Learned a level 3 spell: Spectral Weapon
  2019 | D:3      | Found a sparkling altar of Nemelex Xobeh.
  2043 | D:3      | Reached XP level 5. HP: 22/35 MP: 5/9
  2060 | D:3      | Killed from afar by an orc wizard

Vault maps used:
D:1:      matt_arrival_spirals, st_stairs_3
D:2:      nicolae_overflow_hidden_temple, overflow_temple_1_default,
          chequers_temple_overflow_minitemple, ashenzari_altar_1,
          cheibriados_altar_1
D:3:      lemuel_crystal_altar, fiery_altar_vehumet, nemelex_spade_bored_becter

Skill      XL: |  1  2  3  4 |
---------------+-------------+-----
Long Blades    | 3 4 5 |  5.3
Charms         | 4 |  4.4
Fighting       | |  2.6
Armour         | |  0.8
Dodging        | |  1.4
Spellcasting   | |  2.4

Action                   |  1- 3 |  4- 6 || total
-------------------------+-------+-------++-------
Melee: Falchion          |   142 |    49 ||   191
 Cast: Infusion          |     6 |       ||     6
       Song of Slaying   |     3 |     1 ||     4
       Spectral Weapon   |       |     1 ||     1
  Use: Scroll            |     6 |       ||     6
       Potion            |     1 |     1 ||     2
 Stab: Sleeping          |     1 |       ||     1
  Eat: Chunk             |     2 |     2 ||     4
Armor: Leather armour    |    54 |    12 ||    66
Dodge: Dodged            |    91 |    27 ||   118
       Rpst.: Falchion   |    29 |    12 ||    41
